Map: Romanticide LE

Players

ByuN - Winner!

  • Race: Terran Terran
  • League: Diamond
  • Spawn Location: 11:00

Rogue

  • Race: Zerg Zerg
  • Spawn Location: 5:00

Event: TSL 6

VOD

Have the link to the VOD?

Description

Time

  • Played on: Dec. 13, 2020, 2:34 p.m.
  • Length: 12:42

All games in this series

Show
View Real Time Build Order
Export as new Build Order

ByuN Terran - Winner!

Build Orders: Reaper Expand 

Get SALT Encoding   

  12  0:00  SCV  
  13  0:12  SCV  
  14  0:17  Supply Depot  
  14  0:24  SCV  
  15  0:38  SCV  
  15  0:40  Barracks  
  15  0:42  Refinery  
  16  0:50  SCV  
  17  1:03  SCV  
  18  1:15  SCV  
  19  1:26  Reaper  
  19  1:27  Orbital Command  
  20  1:38  Command Center  
  20  1:48  Supply Depot  
  20  1:52  SCV  
  21  1:58  Marine  
  22  2:04  SCV  
  22  2:07  Factory  
  23  2:16  SCV  
  23  2:19  Barracks Reactor  
  24  2:23  Barracks  
  24  2:28  SCV  
  25  2:40  SCV  
  26  2:53  Command Center, SCV  
  27  2:58  Orbital Command  
  27  3:05  SCV  
  28  3:06  Barracks Tech Lab  
  28  3:10  Barracks Reactor  
  28  3:17  Hellion, SCV  
  28  3:19  Hellion  
  33  3:24  Stimpack, Marine  
  34  3:28  SCV  
  34  3:29  SCV  
  34  3:31  Refinery  
  36  3:39  Hellion  
  36  3:40  Hellion  
  40  3:42  SCV x2  
  40  3:46  Marine x2  
  40  3:48  Marine  
  44  3:54  SCV  
  46  4:04  Orbital Command  
  46  4:05  Hellion x2  
  46  4:08  Starport  
  50  4:10  SCV x2, Marine  
  50  4:12  Marine  
  50  4:14  Marine  
  55  4:22  SCV x2  
  57  4:30  Supply Depot  
  57  4:32  Supply Depot, SCV  
  57  4:33  Marine x3  
  61  4:51  Medivac x2, SCV x3, Marine  
  69  4:53  Marine x2  
  69  4:55  Armory  
  69  4:56  Supply Depot  
  69  4:59  Supply Depot  
  71  5:01  Refinery  
  71  5:03  SCV x3, Refinery  
  74  5:08  Orbital Command  
  74  5:12  Engineering Bay, Marine  
  74  5:13  Marine  
  76  5:14  Engineering Bay, Marine  
  76  5:18  SCV x2  
  76  5:20  Combat Shield  
  79  5:26  Supply Depot  
  79  5:28  Supply Depot  
  79  5:30  SCV x2  
  79  5:34  Factory Tech Lab, Marine x3  
  84  5:40  SCV  
  84  5:42  Barracks, SCV x2  
  87  5:45  Terran Infantry Armor Level 1  
  87  5:48  Terran Infantry Weapons Level 1  
  87  5:52  SCV  
  87  5:54  SCV, Marine x2  
  87  5:57  SCV  
  92  6:02  Marine  
  92  6:04  SCV  
  92  6:06  SCV  
  92  6:09  Medivac, SCV  
  97  6:12  Marine x2  
  97  6:17  SCV  
  96  6:18  Siege Tank  
  96  6:20  Marine  
  96  6:21  SCV x2  
  94  6:29  SCV  
  94  6:30  Marine x2  
  97  6:33  SCV x2  
  97  6:38  Marine  
  96  6:41  SCV  
  96  6:44  Starport Reactor, Marine x2  
  96  6:45  SCV x2  
  98  6:47  Marine  
  98  6:49  Barracks  
  98  6:50  Barracks  
  98  6:53  SCV  
  98  6:55  Marine x2  
  98  6:56  Siege Tank  
  98  6:58  Refinery  
  98  7:00  Factory  
  99  7:01  Marine x2  
  99  7:05  Marine  
  102  7:10  SCV x3  
  102  7:15  Drilling Claws  
  105  7:16  Command Center  
  105  7:19  Terran Vehicle And Ship Armor Level 1  
  105  7:22  Marine x3  
  105  7:24  Marine  
  105  7:29  Supply Depot, Marauder, Widow Mine  
  113  7:30  Supply Depot, Medivac  
  113  7:31  Medivac  
  117  7:38  Barracks Reactor x2  
  117  7:44  Supply Depot x2  
  117  7:45  Supply Depot  
  117  7:46  Supply Depot, Factory Reactor  
  117  7:50  SCV x2  
  117  7:51  Marine x4  
  121  7:52  Marauder  
  121  7:57  SCV  
  126  8:01  Widow Mine  
  126  8:02  Terran Infantry Armor Level 2, Terran Infantry Weapons Level 2, SCV x2  
  130  8:15  Marine x2  
  130  8:16  Marine x6  
  130  8:17  Marauder  
  140  8:22  Widow Mine  
  140  8:23  Widow Mine x2  
  140  8:25  Medivac x2  
  150  8:33  Marine x7  
  157  8:36  Supply Depot  
  157  8:37  Marine  
  157  8:38  Marine  
  159  8:44  Supply Depot  
  159  8:51  Marine x7  
  159  8:55  Marine  
  163  8:57  Marauder  
  163  9:00  Widow Mine x2  
  163  9:01  Widow Mine  
  171  9:09  Marine x7  
  169  9:12  Marine  
  169  9:15  Barracks  
  169  9:16  Barracks  
  163  9:17  Barracks  
  163  9:18  Marauder  
  163  9:19  SCV x3  
  163  9:21  Planetary Fortress  
  168  9:24  Medivac x2  
  168  9:26  Marine  
  168  9:27  Marine  
  168  9:30  Marine x3  
  168  9:31  Marine x3  
  178  9:37  Widow Mine x2  
  178  9:39  Marauder, Widow Mine  
  178  9:44  Marine  
  162  9:49  Marine x4  
  162  9:52  Marine x3  
  149  9:54  Medivac x2  
  149  9:59  Widow Mine x2  
  150  10:01  Marauder  
  150  10:02  Marine  
  150  10:06  Marine  
  150  10:07  Marine x3  
  154  10:09  Marine x2  
  154  10:10  Marine x2  
  154  10:11  Barracks Tech Lab  
  154  10:12  Barracks Tech Lab  
  160  10:16  SCV x3  
  160  10:20  Marine  
  168  10:21  Sensor Tower, Widow Mine x3  
  168  10:22  Marauder  
  168  10:24  Medivac x2  
  168  10:26  Marine x2  
  168  10:27  Marine x2  
  179  10:37  Marine x3  
  179  10:38  Marine  
  179  10:39  Concussive Shells  
  179  10:40  Marauder  
  179  10:41  Marauder  
  179  10:42  Barracks Tech Lab, Widow Mine  
  188  10:43  Widow Mine  
  187  10:51  Command Center  
  187  10:54  Medivac x2  
  187  10:55  Marine x3  
  187  10:56  Marauder, Marine x2  
  185  11:03  Marine  
  185  11:04  Marine  
  185  11:09  Marine  
  185  11:11  Marine x2  
  186  11:14  Refinery  
  188  11:19  Marine x5  
  188  11:20  Marine  
  188  11:23  Marauder  
  196  11:31  Marauder  
  190  11:32  Marauder, Marine  
  190  11:33  Marine x2  
  190  11:37  Marine x4  
  190  11:38  Marauder, Marine  
  187  11:43  Marine  
  187  11:45  Liberator x2  
  187  11:46  Siege Tank  
  193  11:48  Factory Tech Lab  
  193  11:50  Marine  
  193  11:51  Marine  
  193  11:52  Marine  
  196  12:02  Marine x2  
  196  12:03  Marauder  
  196  12:06  Supply Depot, Marine x5  
  196  12:07  Supply Depot, Marauder  
  196  12:08  Marine  
  200  12:21  Marine  
  198  12:24  Marine  
Show
View Real Time Build Order
Export as new Build Order

Rogue Zerg 

Build Orders: Hatch First, Lurkers 

Get SALT Encoding   

  12  0:00  Drone  
  13  0:12  Overlord  
  13  0:17  Drone  
  14  0:32  Drone x2  
  16  0:50  Hatchery  
  16  0:51  Drone  
  16  0:55  Drone  
  17  0:58  Drone  
  18  1:10  Extractor  
  17  1:14  Spawning Pool  
  17  1:17  Drone  
  17  1:20  Drone  
  18  1:28  Drone  
  19  1:38  Drone  
  20  1:50  Drone  
  21  2:01  Queen x2  
  21  2:02  Zergling x4  
  27  2:16  Hatchery  
  27  2:20  Overlord  
  26  2:23  Drone  
  26  2:26  Drone  
  28  2:39  Drone x3  
  28  2:41  Queen  
  33  2:48  Overlord  
  34  2:51  Drone  
  34  2:54  Drone  
  34  2:57  Metabolic Boost  
  35  3:00  Drone  
  36  3:12  Drone  
  37  3:13  Drone x4  
  37  3:18  Queen  
  43  3:21  Overlord  
  43  3:23  Drone  
  44  3:28  Queen  
  44  3:31  Drone x2  
  44  3:33  Drone  
  49  3:39  Drone  
  50  3:41  Overlord  
  50  3:46  Drone x4  
  54  3:52  Queen  
  56  3:55  Overlord  
  56  3:57  Drone x2  
  58  4:04  Drone x4  
  58  4:07  Queen  
  64  4:12  Drone x2  
  64  4:14  Overlord  
  64  4:16  Drone  
  67  4:20  Drone x3  
  70  4:25  Drone x2  
  70  4:27  Evolution Chamber  
  70  4:29  Drone, Evolution Chamber  
  70  4:32  Extractor  
  70  4:33  Extractor  
  70  4:36  Drone x4  
  72  4:41  Drone x4  
  72  4:45  Extractor  
  75  4:47  Overlord  
  75  4:50  Drone x2  
  77  4:53  Extractor  
  77  4:55  Zerg Ground Armor Level 1  
  77  4:59  Drone  
  77  5:00  Hatchery, Drone  
  77  5:02  Zerg Melee Weapons Level 1  
  77  5:05  Drone x3  
  80  5:10  Drone  
  80  5:12  Zergling x4, Baneling Nest  
  82  5:14  Spore Crawler  
  82  5:16  Spore Crawler  
  82  5:17  Spore Crawler  
  82  5:21  Lair  
  79  5:22  Drone x3  
  79  5:23  Zergling x2  
  79  5:24  Zergling x6  
  86  5:28  Zergling x4  
  86  5:29  Zergling x2  
  86  5:32  Overlord  
  86  5:34  Zergling x2  
  90  5:36  Overlord  
  90  5:41  Overlord  
  90  5:52  Overlord  
  90  5:55  Baneling x16  
  90  6:01  Zergling x2  
  90  6:02  Zergling x14  
  90  6:03  Zergling x2  
  98  6:09  Zergling x2  
  85  6:11  Zergling x2  
  85  6:13  Queen x2  
  85  6:14  Zergling x8  
  85  6:15  Zergling x2  
  85  6:18  Zergling x2  
  84  6:22  Zergling x2, Centrifical Hooks  
  80  6:26  Zergling x2  
  80  6:28  Zergling x2  
  80  6:29  Zergling x2  
  80  6:32  Zergling x2  
  83  6:37  Zergling x2  
  83  6:38  Zergling x2  
  84  6:43  Zergling x4  
  84  6:44  Queen x2  
  87  6:48  Zergling x4  
  87  6:50  Zergling x2  
  87  6:54  Zergling x4  
  90  6:59  Drone  
  90  7:00  Burrow  
  92  7:01  Drone  
  92  7:02  Drone  
  92  7:06  Drone  
  92  7:08  Drone  
  96  7:09  Hatchery  
  96  7:11  Drone  
  96  7:13  Zerg Ground Armor Level 2  
  96  7:14  Zerg Melee Weapons Level 2  
  96  7:18  Overseer  
  96  7:20  Drone x3  
  99  7:28  Spore Crawler, Drone x3  
  99  7:29  Drone  
  102  7:30  Baneling x3  
  102  7:31  Overlord  
  102  7:32  Overseer  
  102  7:35  Overlord  
  101  7:40  Overlord, Drone x2  
  103  7:44  Overlord  
  103  7:48  Extractor  
  103  7:49  Infestation Pit  
  103  7:50  Overlord  
  101  7:52  Drone x2  
  101  7:53  Drone x3  
  101  7:56  Drone  
  101  7:57  Spore Crawler  
  101  7:58  Drone x3  
  109  8:00  Drone  
  109  8:01  Drone  
  109  8:03  Drone x2  
  114  8:12  Drone  
  114  8:13  Drone x6  
  114  8:16  Zergling x2  
  121  8:20  Zergling x6  
  121  8:22  Zergling x6  
  125  8:29  Zergling x18  
  125  8:31  Zergling x2  
  125  8:32  Zergling x2  
  136  8:37  Baneling x10  
  136  8:38  Baneling x4  
  136  8:44  Zergling x10  
  136  8:48  Zergling x4  
  141  8:49  Overlord  
  135  8:56  Zergling x2  
  135  8:58  Zergling x10  
  135  8:59  Overlord  
  137  9:05  Zergling x2  
  131  9:10  Zergling x6  
  131  9:11  Hive  
  131  9:12  Overlord  
  131  9:14  Overlord  
  131  9:15  Hydralisk Den  
  131  9:17  Zergling x2  
  127  9:18  Baneling  
  127  9:19  Baneling  
  127  9:20  Zergling x16, Hatchery  
  133  9:24  Baneling x3  
  133  9:25  Zergling x2  
  133  9:26  Overseer  
  133  9:31  Zergling x16  
  135  9:34  Zergling x2  
  135  9:37  Zergling x2, Baneling  
  135  9:38  Baneling x2  
  132  9:39  Zergling x2  
  132  9:40  Zergling x2, Baneling  
  132  9:41  Zergling x4  
  132  9:45  Zergling x2  
  133  9:49  Zergling x14  
  133  9:50  Zergling x2  
  133  9:51  Zergling x2  
  133  9:52  Zergling x2  
  124  9:58  Hydralisk x3  
  120  10:00  Baneling  
  120  10:01  Lurker Den, Baneling x5  
  120  10:03  Zergling x12  
  125  10:07  Zergling x10  
  125  10:10  Baneling  
  130  10:16  Hydralisk x4  
  138  10:21  Baneling x2  
  138  10:22  Baneling x3  
  138  10:27  Zergling x14  
  142  10:38  Spore Crawler, Adrenal Glands  
  140  10:44  Zergling x12  
  140  10:46  Zergling x2  
  140  10:49  Zergling x4  
  134  10:57  Hatchery  
  134  11:01  Extractor x2  
  134  11:02  Lurker x7  
  137  11:13  Hydralisk x3  
  137  11:14  Hydralisk x2  
  147  11:20  Zergling x2  
  147  11:23  Zergling x6  
  142  11:37  Hydralisk x6  
  123  11:40  Lurker  
  123  11:45  Drone  
  123  11:46  Drone  
  123  11:47  Drone x3  
  127  11:51  Zergling x2  
  127  11:52  Lurker x2  
  127  11:54  Zergling x12  
  130  11:59  Zergling x4  
  134  12:01  Zergling x2  
  134  12:02  Zergling x2  
  134  12:04  Zergling x2  
  134  12:05  Zergling x4  
  136  12:11  Zergling x2  
  136  12:13  Zergling x4  
Tags
 
Composition
Lurkers
Event
TSL 6
League
Diamond
Matchup
TvZ
Player
ByuNRogue
Spawn Locations
Cross Positions
Add a new tag
Caveats
  • Supply blocks, unpowered buildings, or Contaminate may cause inaccurate times.
  • Supply counts are checked every 10 seconds.